 Dungeon Crawl Stone Soup version 0.31-a0-1147-g46bab52692 (webtiles) character file.

Game seed: 9326531250623283990

182 MacCMillion the Chopper (level 5, -5/45 HPs)
             Began as a Ghoul Fighter on Dec 7, 2023.
             Slain by a kobold brigand
             ... wielding a +0 heavy falchion
              (8 damage)
             ... on level 4 of the Dungeon.
             The game lasted 00:04:43 (2517 turns).

MacCMillion the Chopper (Ghoul Fighter)             Turns: 2517, Time: 00:04:44

Health: -5/45      AC:  6    Str: 22    XL:     5   Next: 62%
Magic:  4/4        EV:  9    Int:  7    God:
Gold:   626        SH:  4    Dex:  8    Spells: 4/4 levels left

rFire   . . .        a - +0 war axe
rCold   + . .        c - +0 buckler
rNeg    + + +        b - +0 scale mail
rPois   ∞            (no helmet)
rElec   .            (no cloak)
rCorr   .            (no gloves)
SInv    .            (no boots)
Will    .....        (no amulet) Stlth
                     (no ring)
HPRegen 0.00/turn    (no ring)
MPRegen 0.09/turn

%: no passive effects
@: inhibited regen
A: claws 1, cold resistance 1, negative energy resistance 3, inhibited
regeneration, torment resistance 2, devour on kill
a: no special abilities


You were on level 4 of the Dungeon.
You visited 1 branch of the dungeon, and saw 4 of its levels.

You collected 626 gold pieces.

Inventory:

Hand Weapons
 a - a +0 war axe (weapon)
Missiles
 l - 5 darts of dispersal
Armour
 b - a +0 scale mail (worn)
 c - a +0 buckler (worn)
Wands
 p - a wand of polymorph (5)
Scrolls
 f - a scroll of enchant weapon
 i - a scroll of fog
 j - a scroll of noise
 t - a scroll of vulnerability {unknown}
Potions
 d - 3 potions of might
 e - a potion of cancellation {unknown}
 h - 2 potions of mutation {unknown}
 k - a potion of degeneration {unknown}
 m - a potion of attraction {unknown}
 o - a potion of brilliance {unknown}
 s - a potion of curing {unknown}


   Skills:
 - Level 3.2 Fighting
 + Level 4.2 Axes
 - Level 2.6 Armour
 - Level 4.0 Shields


You had 4 spell levels left.
You didn't know any spells.
Your spell library contained the following spells:

 Spells                   Type           Power      Damage    Failure   Level
 Freeze                   Ice            0%         1d3       83%         1
 Necrotise                Necr           0%         1d4       83%         1
 Frozen Ramparts          Ice            0%         1d1       99%         3
 Hailstorm                Conj/Ice       0%         3d5       99%         3
 Vampiric Draining        Necr           0%         2d6       99%         3
 Agony                    Necr           0%         N/A       100%        5


Dungeon Overview and Level Annotations

Branches:
Dungeon (4/15)
 Temple: D:4-7

Altars:
Trog

Annotations:
D:4 Dowan


Innate Abilities, Weirdness & Mutations

You are immune to poison.
You have sharp fingernails.
Your flesh is cold resistant. (rC+)
You are immune to negative energy. (rN+++)
You do not regenerate when monsters are visible.
You are immune to unholy pain and torment.
You thrive by killing the living.


Message History

The scorpion is severely wounded.
The scorpion closely misses you. The scorpion barely misses you.
You slash the scorpion!
You kill the scorpion!
The goblin hits you with a +0 dagger.
Your Axes skill increases to level 4!
You hit the goblin.
The goblin is severely wounded.
The goblin completely misses you.
You closely miss the goblin.
The goblin is severely wounded.
The goblin hits you but does no damage.
You closely miss the goblin.
The goblin is severely wounded.
A kobold brigand comes into view.
It is wielding a +0 heavy falchion and quivering poisoned darts.
The goblin completely misses you. You block the goblin's attack.
You barely miss the goblin.
The goblin is severely wounded.
The kobold brigand shouts!
The goblin closely misses you.
You hit the goblin.
You kill the goblin!
The kobold brigand throws a poisoned dart.
You block the poisoned dart.
Things that are here:
a +0 dagger; 3 stones; a goblin corpse You closely miss the kobold brigand.
The kobold brigand hits you with a +0 heavy falchion.
You barely miss the kobold brigand.
The kobold brigand hits you with a +0 heavy falchion!
You closely miss the kobold brigand.
The kobold brigand hits you with a +0 heavy falchion!
* * * LOW HITPOINT WARNING * * *
You slash the kobold brigand!
The kobold brigand is heavily wounded.
The kobold brigand closely misses you.
You hit the kobold brigand but do no damage.
The kobold brigand is heavily wounded.
The kobold brigand hits you with a +0 heavy falchion!
You die...

#. #. #. # # # #.
.#.# #.# #. .#.##
.. .##....##
...##.####.......##
......).)@K)......
...##.####.#.#...#
.. #.# ... # #. #.#
#.# .. #.###.# .#
#.....# #+ #####.#
#. #.# #. #.# ##.


You could see a kobold brigand.

Vanquished Creatures
  A scorpion (D:4)
  A hound (D:4)
  A gnoll (D:1)
  2 adders
  An orc (D:3)
  10 ball pythons
  5 endoplasms
  7 giant cockroaches
  6 hobgoblins
  2 jackals (D:3)
  2 kobolds (D:3)
  3 quokkas
  6 bats
  A frilled lizard (D:2)
  7 goblins
  9 rats
64 creatures vanquished.

Notes
Turn   | Place    | Note
-------+----------+-------------------------------------------
     0 | D:1      | MacCMillion the Ghoul Fighter began the quest for the Orb.
     0 | D:1      | Reached XP level 1. HP: 19/19 MP: 0/0
    16 | D:1      | Reached XP level 2. HP: 24/26 MP: 1/1
   212 | D:1      | Reached XP level 3. HP: 31/31 MP: 2/2
  1459 | D:3      | Reached XP level 4. HP: 38/38 MP: 3/3
  2119 | D:3      | Found a bloodstained altar of Trog.
  2218 | D:4      | Noticed Dowan
  2390 | D:3      | Identified a scroll of acquirement
  2390 | D:3      | Acquired 503 gold pieces
  2406 | D:4      | Reached XP level 5. HP: 30/45 MP: 4/4
  2508 | D:4      | Noticed a kobold brigand
  2517 | D:4      | Slain by a kobold brigand

Illustrated notes

Levels and vault maps discovered:
D:1:      shiori_arrival_maze, layout_basic
D:2:      layout_loops_corners
D:3:      layout_loops_cross, mainiacjoe_overflow_alcove_4
D:4:      layout_loops_corners, lemuel_round_altar, nzn_wu_jian_council_hall,
          uniq_eustachio, uniq_natasha, uniq_duvessa

Skill      XL: |  1  2  3  4  5 |
---------------+----------------+-----
Axes           | 2 3 4 |  4.2
Shields        | 3 4 |  4.0
Fighting       | |  3.2
Armour         | |  2.6

Action                     |  1- 3 |  4- 6 || total
---------------------------+-------+-------++-------
  Melee: War axe           |   133 |    81 ||   214
    Use: Scroll            |       |     6 ||     6
 Armour: Scale mail        |    96 |    58 ||   154
  Dodge: Dodged            |    67 |    39 ||   106
  Block: Buckler           |    36 |    12 ||    48

Table legend: (Time is in decaauts)
 A = Elapsed time spent in this place.
 B = Non-inter-level travel time spent in this place.
 C = Inter-level travel time spent in this place.
 D = Time resting spent in this place.
 E = Time spent auto-exploring this place.
 F = Levels seen in this place.
 G = Mean time per level.
                   A        B        C        D        E       F      G
               +--------+--------+--------+--------+--------+-----+--------+
         Total |   2603 |   2479 |    124 |    171 |   1726 |   4 |  650.8 |
       Dungeon |   2603 |   2479 |    124 |    171 |   1726 |   4 |  650.8 |
               +--------+--------+--------+--------+--------+-----+--------+

Top non-repeatable levels by time:
     D:3: 872 daAuts
     D:2: 858 daAuts
     D:1: 643 daAuts
     D:4: 230 daAuts
